 Dungeon Crawl Stone Soup version 0.21-a0-504-g2eda330 (webtiles) character file.

58 vineage the Cudgeler (level 3, -3/31 HPs)
             Began as a Minotaur Fighter on Nov 25, 2017.
             Slain by Sigmund
             ... wielding a +0 scythe
              (5 damage)
             ... on level 2 of the Dungeon.
             The game lasted 00:01:34 (780 turns).

vineage the Cudgeler (Minotaur Fighter)              Turns: 780, Time: 00:01:35

Health: -3/31      AC:  8    Str: 26      XL:     3   Next: 76%
Magic:  2/2        EV:  7    Int:  3 (5)  God:
Gold:   65         SH:  9    Dex:  7 (9)  Spells: 2/2 levels left

rFire    . . .     SeeInvis .   a - +0 flail
rCold    . . .     Gourm    .   c - +0 shield
rNeg     . . .     Faith    .   b - +0 scale mail
rPois    .         Spirit   .   (helmet restricted)
rElec    .         Reflect  .   (no cloak)
rCorr    .         Harm     .   (no gloves)
MR       .....                  n - +0 pair of boots
Stlth    ..........             g - amulet of magic regeneration
HPRegen  0.10/turn              (no ring)
MPRegen  0.33/turn              (no ring)

@: mighty, invisible
A: retaliatory headbutt, horns 2
a: no special abilities


You were on level 2 of the Dungeon.
You were not hungry.

You visited 1 branch of the dungeon, and saw 2 of its levels.

You collected 65 gold pieces.

Inventory:

Hand Weapons
 a - a +0 flail (weapon)
Armour
 b - a +0 scale mail (worn)
 c - a +0 shield (worn)
 n - a +0 pair of boots (worn)
Jewellery
 g - an amulet of magic regeneration (around neck)
Scrolls
 e - 2 scrolls of random uselessness {unknown}
 h - 3 scrolls of identify {unknown}
 i - 3 scrolls of fog {unknown}
 j - a scroll of remove curse {unknown}
 m - a scroll of enchant armour {unknown}
 p - a scroll of amnesia {unknown}
Potions
 r - a potion of heal wounds {unknown}
Comestibles
 f - a bread ration
 o - 2 fruits
 q - a meat ration


   Skills:
 - Level 3.6 Fighting
 + Level 5.1 Maces & Flails
 - Level 3.6 Armour
 - Level 3.6 Shields


You had 2 spell levels left.
You didn't know any spells.

Dungeon Overview and Level Annotations

Branches:
Dungeon (2/15)

Altars:

Annotations:
D:2 Sigmund


Innate Abilities, Weirdness & Mutations

You reflexively headbutt those who attack you in melee.
You have a pair of horns on your head.


Message History

Sigmund hits you with a scythe.
You bump into the rock wall.
You closely miss Sigmund. Your headbutt misses Sigmund.
Sigmund barely misses you.
You bump into the rock wall.
You feel less confused.
Sigmund points at you and mumbles some strange words.
You are confused.
You're too confused to move!
Sigmund hits you with a scythe.
You bump into the rock wall.
You bump into the rock wall.
Sigmund hits you with a scythe!
You bump into the rock wall.
Sigmund hits you with a scythe.
You're too confused to move!
You feel less confused.
You closely miss Sigmund. Sigmund hits you with a scythe!
* * * LOW HITPOINT WARNING * * *
It was a potion of invisibility.
You fade into invisibility!
Sigmund hits you with a scythe.
You die...

...... ############
.....# ......@@...#
.....##############.#
......#...## #.#
...........## ####.#
........(...# #....#
............# #.####
............# #.#
...........# #.#
..........# ##.#


You could see Sigmund.

Vanquished Creatures
  Robin (D:2)
  An adder (D:2)
  A dart slug (D:1)
  3 leopard geckos
  10 goblins
  4 hobgoblins
  2 jackals (D:1)
  A frilled lizard (D:2)
  4 kobolds (D:1)
  5 rats
32 creatures vanquished.

Notes
Turn   | Place    | Note
-------+----------+-------------------------------------------
     0 | D:1      | vineage the Minotaur Fighter began the quest for the Orb.
     0 | D:1      | Reached XP level 1. HP: 19/19 MP: 0/0
    46 | D:1      | Reached skill level 3 in Maces & Flails
   136 | D:1      | Reached XP level 2. HP: 26/26 MP: 1/1
   403 | D:1      | Reached skill level 4 in Maces & Flails
   527 | D:2      | Noticed Robin
   563 | D:2      | Reached XP level 3. HP: 29/31 MP: 2/2
   573 | D:2      | Killed Robin
   690 | D:2      | Reached skill level 5 in Maces & Flails
   766 | D:2      | Noticed Sigmund
   780 | D:2      | Slain by Sigmund

Vault maps used:
D:1:      dpeg_arrival_rhombus, minmay_fountain_box
D:2:      lemuel_round_altar, uniq_robin, uniq_sigmund

Skill      XL: |  1  2  3 |
---------------+----------+-----
Maces & Flails | 3 4 5 |  5.1
Fighting       | |  3.6
Armour         | |  3.6
Shields        | |  3.6

Action                   || total
-------------------------++-------
Melee: Flail             ||    79
       Headbutt          ||     9
  Use: Potion            ||     5
Armor: Scale mail        ||    39
Dodge: Dodged            ||    18
Block: Shield            ||    41

Table legend:
 A = Spawn XP
 B = Non-spawn XP
 C = Spawn XP percentage of total XP
 D = Spawn monster count
 E = Non-spawn monster count
 F = Spawn count percentage of total count
 G = Total turns spent on level
                    A         B        C        D         E        F      G
               +---------+---------+-------+---------+---------+-------+---------
         Total |       0 |      84 |   0.0 |       0 |      32 |   0.0 |   780
               +---------+---------+-------+---------+---------+-------+---------
           D:1 |       0 |      30 |   0.0 |       0 |      16 |   0.0 |   486
           D:2 |       0 |      54 |   0.0 |       0 |      16 |   0.0 |   294
               +---------+---------+-------+---------+---------+-------+---------
